 Dungeon Crawl Stone Soup version 0.20.0-8-g6b59dc7 (webtiles) character file.

31 Rrauwl the Sneak (level 3, 0/31 HPs)
             Began as a Troll Assassin on June 1, 2017.
             Succumbed to an adder's poison
             ... on level 2 of the Dungeon.
             The game lasted 00:02:35 (472 turns).

Rrauwl the Sneak (Troll Assassin)                    Turns: 472, Time: 00:02:35

Health: 0/31       AC:  6    Str: 19    XL:     3   Next: 7%
Magic:  1/1        EV:  9    Int:  7    God:
Gold:   12         SH:  0    Dex: 12    Spells: 2/2 levels left

rFire    + . .     SeeInvis .   (no weapon)
rCold    . . .     Gourm    +   (no shield)
rNeg     . . .     Faith    .   c - +0 robe
rPois    .         Spirit   .   (helmet restricted)
rElec    .         Reflect  .   d - +0 cloak
rCorr    .         Harm     .   (gloves unavailable)
MR       .....                  (boots unavailable)
Stlth    ++........             (no amulet)
Regen    0.5/turn               (no ring)
MPRegen  0.1/turn               (no ring)

@: lethally poisoned (0 -> -6)
A: unfitting armour, claws 3, fire resistance 1, fast metabolism 3, frail 1,
gourmand, low mp 1, regeneration 1, shaggy fur 1, tough skin 2
a: no special abilities


You were on level 2 of the Dungeon.
You were very full.

You visited 1 branch of the dungeon, and saw 2 of its levels.

You collected 12 gold pieces.

Inventory:

Hand Weapons
 b - a +0 blowgun
 j - a +0 club
Missiles
 e - 8 poisoned needles
 f - 2 curare-tipped needles
Armour
 c - a +0 robe (worn)
 d - a +0 cloak (worn)
Scrolls
 h - a scroll of fog {unknown}
Potions
 a - a potion of flight {unknown}
 i - 2 potions of mutation
 k - a potion of degeneration {unknown}
 m - 2 potions of might {unknown}
Comestibles
 g - 2 bread rations
 l - a meat ration


   Skills:
 - Level 2.0 Fighting
   Level 1.5 Short Blades
 + Level 1.5 Maces & Flails
 - Level 2.0 Throwing
 - Level 1.0 Dodging
 - Level 2.1 Stealth


You had 2 spell levels left.
You didn't know any spells.

Dungeon Overview and Level Annotations

Branches:
Dungeon (2/15)

Altars:
Zin


Innate Abilities, Weirdness & Mutations

You are too large for most types of armour.
You have claws for hands.
Your metabolism is lightning-fast.
You like to eat raw meat.
Your natural rate of healing is unusually fast.
You are covered in fur. (AC +1)
You have very tough skin. (AC +2)
Your flesh is heat resistant. (rF+)
You are frail. (-10% HP)
Your magical capacity is low. (-10% MP)


Message History

* * * LOW HITPOINT WARNING * * *
You barely miss the adder.
The adder is severely wounded.
You feel sick. The adder bites you but does no damage.
You closely miss the adder.
The adder is severely wounded.
The adder bites you.
* * * LOW HITPOINT WARNING * * *
You are lethally poisoned!
The adder poisons you!
You barely miss the adder.
The adder is heavily wounded.
* * * LOW HITPOINT WARNING * * *
You feel sick. The adder bites you.
* * * LOW HITPOINT WARNING * * *
You are more poisoned.
The adder poisons you!
It was a potion of mutation.
You feel extremely strange.
You feel less energetic.
You feel frail.
You feel resistant to heat.
You die...

...
##..#.^......##.##..
#.
#..................
##......###########
#.#...## #.#...#
#.#...# #.....#
#..##.# #†@##.#
##S#..≈ ..# .§≈ ....
..# ..... .. !....$.
........ #.....)_..


You could see an adder.

Vanquished Creatures
  A worm (D:2)
  A dart slug (D:2)
  A leopard gecko (D:1)
  4 bats (D:1)
  3 giant cockroaches (D:2)
  A goblin (D:1)
  5 hobgoblins (D:1)
  2 ball pythons
  2 frilled lizards (D:2)
  3 rats (D:1)
23 creatures vanquished.

Notes
Turn   | Place    | Note
-------+----------+-------------------------------------------
     0 | D:1      | Rrauwl the Troll Assassin began the quest for the Orb.
     0 | D:1      | Reached XP level 1. HP: 19/19 MP: 0/0
    26 | D:1      | Reached skill level 1 in Dodging
    98 | D:1      | Reached XP level 2. HP: 22/28 MP: 1/1
   399 | D:2      | Reached skill level 1 in Maces & Flails
   453 | D:2      | Reached XP level 3. HP: 21/35 MP: 2/2
   455 | D:2      | Found a glowing silver altar of Zin.
   471 | D:2      | HP: 1/35 [adder (2)]
   472 | D:2      | Gained mutation: Your magical capacity is low. (-10% MP) [potion of mutation]
   472 | D:2      | Gained mutation: You are frail. (-10% HP) [potion of mutation]
   472 | D:2      | Gained mutation: Your flesh is heat resistant. (rF+) [potion of mutation]
   472 | D:2      | Succumbed to an adder's poison

Skill      XL: |  1  2 |
---------------+-------+-----
Dodging        | 1 |  1.0
Throwing       | 2 |  2.0
Fighting       | 2 |  2.0
Maces & Flails | 1 |  1.5
Short Blades   | |  1.5
Stealth        | |  2.1

Action                   || total
-------------------------++-------
Melee: Unarmed           ||    72
  Use: Potion            ||     1
  Eat: Chunk             ||     9
Armor: Robe              ||    39
Dodge: Dodged            ||    27
